 Dungeon Crawl Stone Soup version 0.30.1-11-g7821555f0a (webtiles) character file.

Game seed: 17372759361829105802

11160 SacredBeard the Severer (level 11, -1/102 HPs)
             Began as a Hill Orc Fighter on Nov 5, 2023.
             Was a Follower of Beogh.
             Constricted to death by Jorgrun (14 damage)
             ... on level 11 of the Dungeon.
             The game lasted 00:28:40 (9347 turns).

SacredBeard the Severer (Hill Orc Fighter)          Turns: 9347, Time: 00:28:40

Health: -1/102     AC: 16    Str: 24    XL:     11   Next: 73%
Magic:  15/15      EV:  3    Int:  8    God:    Beogh [*.....]
Gold:   696        SH: 10    Dex: 10    Spells: 10/10 levels left

rFire   . . .        a - +0 war axe
rCold   + . .        V - +2 kite shield
rNeg    . . .        f - +0 plate armour
rPois   .            t - +1 hat {Stlth+}
rElec   .            T - +0 cloak
rCorr   .            b - +0 pair of gloves
SInv    .            y - +0 pair of boots
Will    +....        w - amulet of regeneration Stlth
                     z - ring of protection from cold
HPRegen 1.17/turn    K - ring of willpower
MPRegen 0.14/turn

%: no passive effects
@: mighty, grasped by roots, constricted, studying 2 skills
A: no striking features
a: Renounce Religion


You were on level 11 of the Dungeon.
You worshipped Beogh.
Beogh was aware of your devotion.
You visited 2 branches of the dungeon, and saw 13 of its levels.

You collected 696 gold pieces.

Inventory:

Hand Weapons
 a - a +0 war axe (weapon)
Missiles
 e - 79 stones (quivered)
 A - 6 throwing nets
 B - 4 curare-tipped darts
 D - 3 boomerangs
 O - 2 atropa-tipped darts
 U - 5 poisoned darts
Armour
 b - a +0 pair of gloves (worn)
 f - a +0 plate armour (worn)
 t - a +1 hat of stealth (worn)
 y - a +0 pair of boots (worn)
 E - +0 acid dragon scales
 T - a +0 cloak (worn)
 V - a +2 kite shield (worn)
Jewellery
 i - an amulet of the acrobat
 w - an amulet of regeneration (around neck)
 z - a ring of protection from cold (left hand)
 K - a ring of willpower (right hand)
 S - a ring of see invisible
Wands
 l - a wand of polymorph (12)
 v - a wand of iceblast (16)
 F - a wand of mindburst (6)
 N - a wand of digging (8)
 P - a wand of flame (16)
Scrolls
 c - 4 scrolls of identify
 j - 6 scrolls of teleportation
 k - a scroll of acquirement {unknown}
 p - 2 scrolls of poison {unknown}
 s - 4 scrolls of amnesia {unknown}
 G - a scroll of immolation {unknown}
 H - 4 scrolls of fog
 I - a scroll of vulnerability {unknown}
 J - 2 scrolls of blinking {unknown}
 M - a scroll of silence {unknown}
 Q - 3 scrolls of enchant weapon {unknown}
 R - 2 scrolls of noise {unknown}
Potions
 d - a potion of might
 g - a potion of mutation {unknown}
 h - 2 potions of degeneration
 m - 5 potions of heal wounds
 n - 4 potions of curing
 o - 3 potions of invisibility
 q - 2 potions of lignification
 r - 2 potions of ambrosia
 u - a potion of flight {unknown}
 x - a potion of brilliance {unknown}
 C - 2 potions of haste
 L - a potion of magic {unknown}
 W - a potion of berserk rage {unknown}


   Skills:
 - Level 11.0 Fighting
 + Level 18.0 Axes
 + Level 2.3 Throwing
 + Level 4.2 Armour
 + Level 1.6 Dodging
 + Level 4.2 Shields
 + Level 6.3 Invocations
 + Level 3.2 Evocations


You had 10 spell levels left.
You didn't know any spells.
Your spell library contained the following spells:

 Spells                   Type           Power      Damage    Failure   Level
 Magic Dart               Conj           0%         1d3       100%        1
 Call Imp                 Summ           0%         N/A       100%        2
 Sublimation of Blood     Necr           0%         N/A       100%        2
 Mephitic Cloud           Conj/Pois/Air  0%         N/A       100%        3
 Petrify                  Tmut/Erth      0%         N/A       100%        4
 Irradiate                Conj/Tmut      0%         3d11      100%        5
 Summon Forest            Summ/Tloc      0%         N/A       100%        5
 Eringya's Noxious Bog    Tmut/Pois      0%         N/A       100%        6
 Summon Hydra             Summ           0%         N/A       100%        7


Dungeon Overview and Level Annotations

Branches:
Dungeon (12/15) Zot: 26646  Temple (1/1) D:4 Zot: 5954    Lair (0/5) D:8
    Orc: D:9-12

Altars:
Ashenzari
Cheibriados
Dithmenos
Elyvilon
Fedhas
Gozag
Hepliaklqana
Kikubaaqudgha
Makhleb
Nemelex Xobeh
Okawaru
Qazlal
Ru
Sif Muna
Trog
Uskayaw
Vehumet
Wu Jian
Xom
Yredelemnul
Zin
The Shining One

Shops:
D:4 [

Annotations:
D:10 2 transporters, user2938's ghost, journeyman HOFi
D:11 Jorgrun
D:12 Azrael


Message History

You barely miss Jorgrun.
Jorgrun is lightly wounded.
You slash Jorgrun!
Jorgrun is moderately wounded.
Jorgrun hits you with a +0 heavy quarterstaff!!
You hit Jorgrun.
Jorgrun is moderately wounded.
You closely miss Jorgrun.
Jorgrun is moderately wounded.
Jorgrun hits you but does no damage.
You slash Jorgrun!
Jorgrun is moderately wounded.
You hit Jorgrun.
Jorgrun is moderately wounded.
Jorgrun hits you with a +0 heavy quarterstaff!!
You hit Jorgrun.
Jorgrun is moderately wounded.
You slash Jorgrun!
Jorgrun is heavily wounded.
Jorgrun hits you with a +0 heavy quarterstaff!!
* * * LOW HITPOINT WARNING * * *
You feel much better.
Jorgrun hits you with a +0 heavy quarterstaff!
* * * LOW HITPOINT WARNING * * *
You feel very mighty all of a sudden.
You slash Jorgrun!
Jorgrun is heavily wounded.
Jorgrun casts a spell at you. You resist with some effort.
You slice Jorgrun!!
Jorgrun is almost dead.
Jorgrun points at you and mumbles some strange words.
Roots burst forth from the earth!
The grasping roots grab you! The grasping roots constrict you!
* * * LOW HITPOINT WARNING * * *
You miss Jorgrun.
Jorgrun is almost dead.
You block Jorgrun's attack. The grasping roots constrict you!
You die...

......................# #.....
.........#########.##.######.....
.........# #.##......'.....
.........# #.#########.....
######.### #.# ###'## ####..#
##.# #.# #....## #..# #.##
##.######## ##'### #..#
#.....#...# #@...# ##.#
#.###.#.#.#### #.g..# #.#
#.#...#.#....###....# #.#
#.#.###.#.##...#.<..# #..
#.#...#...####.'....# ##.
#.#####.### ###....# ##
#.#...#.#.# #....# # #.#.#.#.#.#
###+## #...#.....# #.###


You could see Jorgrun.

Vanquished Creatures
  3 two-headed ogres
  A gargoyle (D:11)
  The ghost of kutty the Ruffian, an amateur DrTm (D:4)
  2 trolls
  A hornet (D:9)
  A shadow (D:10)
  A wyvern (D:7)
  3 wraiths (D:11)
  2 fire elementals
  14 yaks
  2 vampire mosquitoes (D:7)
  3 acid dragons
  2 hell hounds (D:11)
  7 water moccasins
  A sky beast (D:6)
  3 orc warriors
  2 ogres
  7 centaurs
  2 phantoms
  3 kobold brigands
  2 gnoll sergeants
  4 bullfrogs
  6 scorpions
  13 wights
  7 howler monkeys
  3 jellies
  5 hounds
  An orc priest (D:9)
  2 iguanas
  An orc wizard (D:9)
  22 gnolls
  5 adders
  A white imp (D:4)
  2 ufetubi
  3 worms
  2 dart slugs
  22 orcs
  3 bats (D:1)
  3 endoplasms
  4 giant cockroaches
  8 goblins
  3 hobgoblins
  A jackal (D:1)
  5 quokkas
  3 ball pythons
  7 frilled lizards
  20 kobolds
  A rat (D:3)
220 creatures vanquished.

Notes
Turn   | Place    | Note
-------+----------+-------------------------------------------
     0 | D:1      | SacredBeard the Hill Orc Fighter began the quest for the
                  | Orb.
     0 | D:1      | Reached XP level 1. HP: 19/19 MP: 1/1
   106 | D:1      | Reached skill level 3 in Axes
   106 | D:1      | Reached XP level 2. HP: 27/27 MP: 2/2
   525 | D:1      | Reached XP level 3. HP: 31/33 MP: 3/3
   706 | D:1      | Found a faded altar of an unknown god.
  1705 | D:3      | Found a snail-covered altar of Cheibriados.
  1883 | D:3      | Reached skill level 4 in Axes
  1883 | D:3      | Reached skill level 1 in Dodging
  1883 | D:3      | Reached XP level 4. HP: 36/40 MP: 4/4
  2010 | D:3      | Reached XP level 5. HP: 43/47 MP: 5/5
  2461 | D:3      | Found a shimmering blue altar of Sif Muna.
  2572 | D:4      | Found a basalt altar of Yredelemnul.
  2612 | D:4      | Found a staircase to the Ecumenical Temple.
  2620 | Temple   | Entered the Ecumenical Temple
  2675 | D:4      | Found a transporter.
  2723 | D:4      | Reached skill level 5 in Axes
  2754 | D:4      | Found Anki's Antique Armour Emporium.
  2780 | D:4      | Found a transporter.
  2867 | D:4      | Noticed kutty's ghost (amateur DrTm)
  2976 | D:4      | Reached skill level 1 in Evocations
  2976 | D:4      | Reached XP level 6. HP: 51/53 MP: 6/6
  2985 | D:4      | Reached skill level 1 in Throwing
  3012 | D:4      | Found an ornate altar of the Wu Jian Council.
  3016 | D:4      | Found a hide-covered altar of Uskayaw.
  3018 | D:4      | Found a broken altar of Ashenzari.
  3068 | D:4      | Reached skill level 5 in Fighting
  3193 | D:5      | Entered Level 5 of the Dungeon
  3207 | D:5      | Reached skill level 6 in Axes
  3219 | D:5      | Reached XP level 7. HP: 61/61 MP: 7/7
  3495 | D:5      | Reached skill level 7 in Axes
  3901 | D:5      | Reached skill level 8 in Axes
  3917 | D:5      | Reached XP level 8. HP: 65/68 MP: 8/8
  3925 | D:5      | Reached skill level 9 in Axes
  3981 | D:5      | Reached skill level 10 in Axes
  4099 | D:6      | Reached skill level 11 in Axes
  4199 | D:6      | Found a glowing golden altar of the Shining One.
  4203 | D:6      | Found a bloodstained altar of Trog.
  4203 | D:6      | Found a burning altar of Makhleb.
  4204 | D:6      | Found a hazy altar of Hepliaklqana.
  4205 | D:6      | Found an ancient bone altar of Kikubaaqudgha.
  4205 | D:6      | Found a glowing silver altar of Zin.
  4206 | D:6      | Found a shadowy altar of Dithmenos.
  4214 | D:6      | Reached skill level 12 in Axes
  4293 | D:6      | Reached XP level 9. HP: 61/74 MP: 9/9
  4671 | D:7      | Reached skill level 13 in Axes
  4682 | D:7      | Identified the +4 rapier of Accidental Termination {flame,
                  | *Corrode rElec Str+3}
  5022 | D:7      | Noticed a two-headed ogre
  5037 | D:7      | HP: 3/75 [two-headed ogre/+0 giant spiked club (7)]
  5166 | D:7      | Killed a two-headed ogre
  5167 | D:7      | Reached skill level 14 in Axes
  5510 | D:8      | Reached skill level 15 in Axes
  5510 | D:8      | Reached XP level 10. HP: 82/86 MP: 10/10
  5524 | D:8      | Found a staircase to the Lair.
  6090 | D:8      | Reached skill level 16 in Axes
  6604 | D:4      | Killed kutty's ghost
  6966 | D:10     | Entered Level 10 of the Dungeon
  7161 | D:9      | Reached skill level 17 in Axes
  7227 | D:9      | Reached XP level 11. HP: 93/97 MP: 11/11
  7227 | D:9      | Became a worshipper of Beogh the Brigand
  7951 | D:10     | Found a transporter.
  7951 | D:10     | Noticed user2938's ghost (journeyman HOFi)
  7954 | D:10     | Noticed a deep elf pyromancer
  8081 | D:10     | Found a transporter.
  8453 | D:11     | Reached skill level 1 in Invocations
  8467 | D:11     | Reached skill level 10 in Fighting
  8508 | D:11     | Found a broken altar of Ashenzari.
  8576 | D:11     | Noticed a two-headed ogre
  8584 | D:11     | Killed a two-headed ogre
  8585 | D:11     | Reached skill level 18 in Axes
  8606 | D:11     | Noticed a two-headed ogre
  8615 | D:11     | Killed a two-headed ogre
  8740 | D:11     | Reached skill level 5 in Invocations
  9097 | D:12     | Noticed Azrael
  9100 | D:12     | Reached * piety under Beogh
  9262 | D:12     | Noticed Jorgrun
  9347 | D:11     | Constricted to death by Jorgrun

Illustrated notes

Levels and vault maps discovered:
D:1:      dreamdust_arrival_beginning_and_end, layout_basic,
          shapermc_ecumenical_altar_hornbeckon, minmay_pentomino_r2
D:2:      layout_basic
D:3:      layout_loops_corners, nicolae_sif_muna_condensation,
          mainiacjoe_overflow_brackets
D:4:      layout_basic, yredelemnul_altar_generic, minitemple,
          minmay_temple_entry_gardened_gates, gammafunk_ghost_gnarly_gnolls,
          serial_shops, shop
D:5:      layout_loops_ring
D:6:      layout_cave_pools, grunt_temple_overflow_open, serial_park,
          serial_park_tiny_pond, serial_park_avenue1, serial_park_avenue1,
          serial_park_tiny_1
D:7:      layout_basic, minmay_manual_mares
D:8:      layout_rooms, due_lair_maze_entry_diamond, serial_aquarium,
          aquarium_bridge_straight [aquarium_subvault_bridge,
          aquarium_subvault_window, aquarium_subvault_bridge,
          aquarium_subvault_balcony], aquarium_window_1, aquarium_window_1,
          aquarium_view_2d, aquarium_view_2d, aquarium_pool_2,
          roderic_serpentine_path, eino_small_chamber_without_monster
D:9:      layout_long_grid
D:10:     layout_long_grid, gammafunk_ghost_arena, chequers_mini_garden
D:11:     layout_roguey, nicolae_ashenzari_skybound
D:12:     layout_basic, orc_0_dummy, uniq_azrael, uniq_jorgrun
Temple:   nicolae_temple_cloud_nine

Skill      XL: |  1  2  3  4  5  6  7  8  9 10 11 |
---------------+----------------------------------+-----
Axes           | 3 4 5 6 8 12 15 17 18 | 18.0
Fighting       | 4 5 7 9 11 | 11.0
Dodging        | 1 |  1.6
Armour         | 4 |  4.2
Shields        | 4 |  4.2
Evocations     | 1 2 3 |  3.2
Throwing       | 1 2 |  2.3
Invocations    | 6 |  6.3

Action                     |  1- 3 |  4- 6 |  7- 9 | 10-12 || total
---------------------------+-------+-------+-------+-------++-------
  Melee: War axe           |   127 |   115 |   218 |   497 ||   957
  Throw: Stone             |       |       |       |     5 ||     5
         Boomerang         |       |       |       |     1 ||     1
 Invoke: Convert to Beogh  |       |       |       |     1 ||     1
  Evoke: Wand              |       |       |     5 |     8 ||    13
    Use: Scroll            |       |       |       |     9 ||     9
         Potion            |       |       |       |     2 ||     2
 Armour: Scale mail        |     9 |       |       |       ||     9
         Plate armour      |    96 |    65 |   156 |   239 ||   556
  Dodge: Dodged            |    43 |    32 |    80 |   107 ||   262
  Block: Buckler           |    33 |    26 |    51 |    32 ||   142
         Kite shield       |       |       |       |   111 ||   111
